 Dungeon Crawl Stone Soup version 0.31-a0-229-g1fc7ce93e2 (webtiles) character file.

Game seed: 6096057785028596516

176 qw the Shooter (level 5, -6/30 HPs)
             Began as a Gargoyle Hexslinger on July 6, 2023.
             Mangled by an ice beast (10 damage)
             ... on level 5 of the Dungeon.
             The game lasted 00:01:02 (1957 turns).

qw the Shooter (Gargoyle Hexslinger)                Turns: 1957, Time: 00:01:02

Health: -6/30      AC: 11    Str: 16    XL:     5   Next: 56%
Magic:  6/6        EV: 16    Int: 13    God:
Gold:   174        SH:  0    Dex: 14    Spells: 5/6 levels left

rFire   . . .        d - +5 hand crossbow "Dimey" {penet, Str+4}
rCold   . . .        (no shield)
rNeg    + . .        j - +0 ring mail
rPois   inf          l - +0 helmet
rElec   +            (no cloak)
rCorr   .            i - +0 pair of gloves
SInv    .            (no boots)
Will    .....        (no amulet)
Stlth   +            b - +5 ring of evasion
HPRegen 0.25/turn    (no ring)
MPRegen 0.10/turn

%: no passive effects
@: no status effects
A: sickness immunity, AC +4, negative energy resistance 1, electricity
resistance, torment resistance 1, petrification resistance
a: no special abilities


You were on level 5 of the Dungeon.
You visited 1 branch of the dungeon, and saw 7 of its levels.

You collected 174 gold pieces.


Innate Abilities, Weirdness & Mutations

You are immune to sickness and miasma.
Your stone body is resilient. (AC +4)
You are immune to poison.
You resist negative energy. (rN+)
You are resistant to electric shocks. (rElec)
You are resistant to unholy torment.
You are immune to petrification.


   Skills:
 + Level 2.0 Fighting
 - Level 5.2 Ranged Weapons
 - Level 1.0 Armour
 - Level 1.5 Dodging
 - Level 1.0 Spellcasting
 - Level 2.6 Hexes


You had 5 spell levels left.
You knew the following spells:

 Your Spells              Type           Power      Damage    Failure   Level
a - Slow                  Hex            28%        N/A       19%         1

Your spell library contained the following spells:

 Spells                   Type           Power      Damage    Failure   Level
 Inner Flame              Hex/Fire       4%         N/A       67%         3
 Portal Projectile        Hex/Tloc       8%         N/A       67%         3
 Cause Fear               Hex            3%         N/A       87%         4

Inventory:

Hand Weapons
 d - the +5 hand crossbow "Dimey" (weapon) {penet, Str+4}
   (You acquired it on level 3 of the Dungeon)

   Str:       It affects your strength (+4).
Armour
 i - a +0 pair of gloves (worn)
 j - a +0 ring mail (worn)
 l - a +0 helmet (worn)
Jewellery
 b - a +5 ring of evasion (left hand)
Scrolls
 g - a scroll of teleportation
 m - a scroll of identify
Potions
 a - a potion of lignification {unknown}
 c - a potion of resistance
 e - a potion of mutation {unknown}
 f - a potion of heal wounds
 k - a potion of brilliance {unknown}
 o - a potion of invisibility {unknown}
 p - a potion of might {unknown}

Dungeon Overview and Level Annotations

Branches:
Dungeon (7/15)
 Temple: D:4-7

Altars:
Hepliaklqana
The Shining One

Annotations:
D:6 3 runed translucent doors


Message History

Enter note:
Enter note:
1952 ||| FLEEEEING.
There is a stone staircase leading up here.
Enter note:
Enter note:
Enter note:
Enter note:
1953 ||| STAIRDANCE You climb upwards.
The jackal barks! x3
Found a brown potion.
There is a stone staircase leading down here.
Waypoint 6 assigned to D:5.
You shoot a bolt. The bolt pierces through the jackal.
The jackal is severely wounded.
The jackal bites you. The jackal misses you.
You shoot a bolt. The bolt pierces through the jackal!
You kill the jackal!
The jackal misses you.
A shadow imp comes into view.
The ice beast misses you. The jackal closely misses you. x2
The jackal barely misses you. The ice beast hits you.
The ice beast freezes you! The jackal completely misses you.
You shoot a bolt.
The shadow imp shouts, "Escape, thou odious fool-born mendicant!"
The bolt pierces through the ice beast!
The ice beast is moderately wounded.
You hear an angry hiss.
The jackal bites you but does no damage.
The jackal bites you. The jackal completely misses you.
The jackal bites you but does no damage.
The jackal bites you.
The ice beast hits you but does no damage.
The ice beast hits you. The ice beast freezes you.
The jackal bites you but does no damage.
The jackal misses you.
The jackal bites you but does no damage.
The ice beast hits you. The ice beast freezes you!
You die...

.. ...... #.
#.....# ##..
...... ...!.
..... #...##
...###
#.....#.....##
##....Y.......
#....h@Y#
#.....hh.#
#..........
##...........
####.......##
###5.#...#
...##..# ...#
#.#


You could see 2 ice beasts, a shadow imp and 3 jackals.

Vanquished Creatures
  2 orc wizards (D:6)
  3 gnolls (D:6)
  2 adders (D:3)
  A white imp (D:6)
  A dart slug (D:3)
  An orc (D:6)
  4 endoplasms
  8 goblins
  10 hobgoblins
  8 jackals
  4 kobolds
  A quokka (D:1)
  2 ball pythons (D:3)
  8 bats
  6 frilled lizards
  9 rats
  A spectral hobgoblin (D:3)
71 creatures vanquished.

Notes
Turn   | Place    | Note
-------+----------+-------------------------------------------
     0 | D:1      | qw the Gargoyle Hexslinger began the quest for the Orb.
     0 | D:1      | Reached XP level 1. HP: 12/12 MP: 2/2
     0 | D:1      | 0 ||| qw: Version: 0.3-a-46-gb1f654a
     0 | D:1      | 0 ||| qw: Game counter: 1360
     0 | D:1      | 0 ||| qw: Melee chars always use a shield: true
     0 | D:1      | 0 ||| qw: God list: Okawaru
     0 | D:1      | 0 ||| qw: Allow faded altars: false
     0 | D:1      | 0 ||| qw: Do Orc after clearing Dungeon:15 true
     0 | D:1      | 0 ||| qw: Do second Lair branch before Depths: true
     0 | D:1      | 0 ||| qw: Lair rune preference: random
     0 | D:1      | 0 ||| qw: Goals: Normal
     0 | D:1      | 0 ||| PLANNING D:1-11
     1 | D:1      | Noticed an electric eel
    70 | D:1      | Reached XP level 2. HP: 11/16 MP: 3/3
    72 | D:1      | 72 ||| FLEEEEING.
   117 | D:1      | 117 ||| FLEEEEING.
   118 | D:1      | 118 ||| FLEEEEING.
   119 | D:1      | 119 ||| FLEEEEING.
   120 | D:1      | 120 ||| FLEEEEING.
   121 | D:1      | 121 ||| FLEEEEING.
   122 | D:1      | 122 ||| FLEEEEING.
   123 | D:1      | 123 ||| FLEEEEING.
   124 | D:1      | 124 ||| FLEEEEING.
   125 | D:1      | 125 ||| FLEEEEING.
   126 | D:1      | 126 ||| FLEEEEING.
   127 | D:1      | 127 ||| FLEEEEING.
   128 | D:1      | 128 ||| FLEEEEING.
   129 | D:1      | 129 ||| FLEEEEING.
   130 | D:1      | 130 ||| FLEEEEING.
   131 | D:1      | 131 ||| FLEEEEING.
   132 | D:1      | 132 ||| FLEEEEING.
   134 | D:1      | 134 ||| FLEEEEING.
   135 | D:1      | 135 ||| FLEEEEING.
   136 | D:1      | 136 ||| FLEEEEING.
   137 | D:1      | 137 ||| FLEEEEING.
   138 | D:1      | 138 ||| FLEEEEING.
   139 | D:1      | 139 ||| FLEEEEING.
   140 | D:1      | 140 ||| FLEEEEING.
   141 | D:1      | 141 ||| FLEEEEING.
   142 | D:1      | 142 ||| FLEEEEING.
   144 | D:1      | Reached skill level 3 in Ranged Weapons
   203 | D:1      | Reached XP level 3. HP: 21/21 MP: 4/4
   421 | D:1      | 421 ||| UPGRADING to +0 pair of gloves.
   426 | D:1      | 426 ||| READING scroll labelled UQY USKINTOIH.
   427 | D:1      | 427 ||| READING scroll labelled DIJIPP ROVVAC.
   428 | D:1      | 428 ||| READING scroll labelled OSHARO XOFYABU.
   433 | D:1      | 433 ||| DROPPING scroll of poison.
   588 | D:2      | Found a faded altar of an unknown god.
   974 | D:2      | 974 ||| UPGRADING to +0 ring mail.
   984 | D:2      | 984 ||| DROPPING +0 robe.
   985 | D:2      | 985 ||| UPGRADING to +0 helmet.
   990 | D:2      | 990 ||| UPGRADING to +5 ring of evasion.
   991 | D:2      | 991 ||| DROPPING ring of wizardry.
   992 | D:2      | 992 ||| READING scroll labelled BIDUYM UWUJ.
   993 | D:2      | 993 ||| READING scroll labelled EDAUSU ASOU.
   994 | D:2      | 994 ||| DRINKING 2 metallic cyan potions.
  1113 | D:3      | Found a glowing golden altar of the Shining One.
  1159 | D:3      | Identified the +1 sling "Larew" {freeze, rPois Int+3}
  1161 | D:3      | 1161 ||| SWAPPING to +1 sling "Larew" {freeze, rPois
                  | Int+3}.
  1162 | D:3      | 1162 ||| DROPPING +2 sling.
  1190 | D:3      | Reached XP level 4. HP: 26/26 MP: 5/5
  1212 | D:3      | Found a hazy altar of Hepliaklqana.
  1216 | D:3      | Reached skill level 1 in Armour
  1566 | D:3      | Reached skill level 4 in Ranged Weapons
  1571 | D:3      | 1571 ||| READING scroll labelled DORCHI TYH VAEL.
  1572 | D:3      | 1572 ||| READING scroll labelled DOP KEBUSCH.
  1573 | D:3      | 1573 ||| READING scroll labelled ESIESA BOSK.
  1573 | D:3      | Identified a scroll of acquirement
  1573 | D:3      | 1573 ||| ACQUIRING +5 hand crossbow "Dimey" {penet, Str+4}
  1573 | D:3      | Acquired the +5 hand crossbow "Dimey" {penet, Str+4}
  1575 | D:3      | 1575 ||| SWAPPING to +5 hand crossbow "Dimey" {penet,
                  | Str+4}.
  1576 | D:3      | 1576 ||| DROPPING +1 sling "Larew" {freeze, rPois Int+3}.
  1577 | D:3      | 1577 ||| READING scroll labelled ATTOVIRARU.
  1578 | D:3      | 1578 ||| DRINKING 2 glowing orange potions.
  1615 | D:4      | You fall into a shaft and drop 3 floors!
  1786 | D:6      | Reached XP level 5. HP: 26/30 MP: 6/6
  1850 | D:6      | Found a runed translucent gate.
  1850 | D:6      | Found a runed translucent gate.
  1850 | D:6      | Found a runed translucent gate.
  1881 | D:6      | 1881 ||| DRINKING potion of curing.
  1881 | D:6      | 1881 ||| (to cure confusion)
  1888 | D:6      | Reached skill level 5 in Ranged Weapons
  1944 | D:6      | 1944 ||| READING scroll labelled OKOHI IH QIACE.
  1945 | D:6      | 1945 ||| READING scroll labelled ASKIN VERCHO.
  1948 | D:6      | 1948 ||| FLEEEEING.
  1949 | D:6      | 1949 ||| FLEEEEING.
  1951 | D:6      | 1951 ||| FLEEEEING.
  1952 | D:6      | 1952 ||| FLEEEEING.
  1953 | D:6      | 1953 ||| STAIRDANCE
  1954 | D:5      | Entered Level 5 of the Dungeon
  1954 | D:5      | Noticed an ice beast
  1954 | D:5      | Noticed an ice beast
  1957 | D:5      | HP: 4/30 [ice beast (4)]
  1957 | D:5      | Mangled by an ice beast

Levels and vault maps discovered:
D:1:      arrival_aquarium_a, layout_rooms
D:2:      layout_basic, hellmonk_ecumenical_altar_blasted,
          chequers_serial_rivers_large_a
D:3:      layout_basic, nicolae_hepliaklqana_monster_ancestors, tso_altar,
          amcnicky_mini_rare_corridor_liquid
D:4:      layout_loops_ring, overflow_temple_1_default, chei_slow_surprise,
          zin_treasury, uniq_ijyb, uniq_sigmund, uniq_pikel
D:5:      gammafunk_wand_slinger, layout_cave_pools, amcnicky_altar_gilded
D:6:      layout_basic, gammafunk_ghost_icy
D:7:      layout_cave_pools, minmay_temple_entry_statues_pillars,
          serial_column_ruins, column_ruins_columns_straight,
          column_ruins_corridor_straight, column_ruins_grid_3,
          column_ruins_grid_4, uniq_duvessa, uniq_crazy_yiuf_cottage

Skill      XL: |  1  2  3  4  5 |
---------------+----------------+-----
Ranged Weapons | 3 4 5 |  5.2
Fighting       | 2 |  2.0
Armour         | 1 |  1.0
Dodging        | |  1.5
Spellcasting   | |  1.0
Hexes          | |  2.6

Action                     |  1- 3 |  4- 6 || total
---------------------------+-------+-------++-------
   Fire: Sling             |   138 |    30 ||   168
         Hand crossbow     |       |    25 ||    25
    Use: Scroll            |     5 |     6 ||    11
         Potion            |     1 |     2 ||     3
 Armour: Robe              |    19 |       ||    19
         Ring mail         |     1 |    16 ||    17
  Dodge: Dodged            |    31 |    27 ||    58

Table legend:
 A = Non-vault XP
 B = Vault XP
 C = Vault XP percentage of total XP
 D = Non-vault monster count
 E = Vault monster count
 F = Vault count percentage of total count
                 A         B        C        D         E       F
            +---------+---------+-------+---------+---------+-------
      Total |     249 |       3 |   1.2 |      69 |       2 |   2.8
            +---------+---------+-------+---------+---------+-------
        D:1 |      43 |       0 |   0.0 |      27 |       0 |   0.0
        D:2 |      28 |       0 |   0.0 |      17 |       0 |   0.0
        D:3 |      49 |       3 |   5.8 |      16 |       2 |  11.1
        D:4 |       2 |       0 |   0.0 |       1 |       0 |   0.0
        D:5 |       2 |       0 |   0.0 |       1 |       0 |   0.0
        D:6 |     125 |       0 |   0.0 |       7 |       0 |   0.0
            +---------+---------+-------+---------+---------+-------
